 Dungeon Crawl Stone Soup version 0.28.0-43-g3370ac3207 (webtiles) character file.

Game seed: 5423756770254113687

88 silky the Cudgeller (level 4, -6/41 HPs)
             Began as a Minotaur Chaos Knight on Mar 30, 2022.
             Was a Plaything of Xom.
             Engulfed by a cloud of flame (21 damage)
             ... on level 2 of the Dungeon.
             The game lasted 00:03:23 (1432 turns).

silky the Cudgeller (Minotaur Chaos Knight)         Turns: 1432, Time: 00:03:23

Health: -6/41      AC:  5    Str: 19    XL:     4   Next: 29%
Magic:  3/3        EV: 11    Int:  9    God:    Xom [.....*]
Gold:   21         SH:  0    Dex:  9    Spells: 3/3 levels left

rFire   . . .      SeeInvis .   a - +0 mace (chaos)
rCold   . . .      Faith    .   (no shield)
rNeg    . . .      Spirit   .   b - +2 leather armour
rPois   .          Reflect  .   (helmet restricted)
rElec   .          Harm     .   (no cloak)
rCorr   +          Rampage  .   (no gloves)
Will    .....                   (no boots)
Stlth   +.........              (no amulet)
HPRegen 0.13/turn               d - ring of resist corrosion
MPRegen 0.08/turn               (no ring)

@: no status effects
A: horns 2, retaliatory headbutt
a: Renounce Religion


You were on level 2 of the Dungeon.
You worshipped Xom.
You were Xom's teddy bear.
You visited 1 branch of the dungeon, and saw 2 of its levels.

You collected 21 gold pieces.

Inventory:

Hand Weapons
 a - a +0 mace of chaos (weapon)
Armour
 b - a +2 leather armour (worn)
Jewellery
 d - a ring of resist corrosion (left hand)


   Skills:
 + Level 4.3 Fighting
 + Level 5.0 Maces & Flails
 + Level 3.2 Armour
 + Level 1.7 Dodging
 + Level 0.1 Stealth


You had 3 spell levels left.
You didn't know any spells.
Your spell library contained the following spells:

 Spells                   Type           Power      Damage    Failure   Level
 Call Canine Familiar     Summ           0%         N/A       82%         3
 Portal Projectile        Hex/Tloc       0%         N/A       82%         3
 Leda's Liquefaction      Hex/Erth       0%         N/A       99%         4
 Borgnjor's Revivificati  Necr           0%         N/A       100%        8
 Necromutation            Tmut/Necr      0%         N/A       100%        8
 Death's Door             Necr           0%         N/A       100%        9


Dungeon Overview and Level Annotations

Branches:
Dungeon (2/15)

Altars:


Innate Abilities, Weirdness & Mutations

You have a pair of horns on your head.
You reflexively headbutt those who attack you in melee.


Message History

It was a scroll of fear.
You start waiting.
Your surroundings suddenly seem different.
A hobgoblin comes into view.
The hobgoblin shouts!
Unknown command.
Unknown command.
The hobgoblin closely misses you.
You barely miss the hobgoblin.
You headbutt the hobgoblin, but do no damage.
The hobgoblin hits you.
You hit the hobgoblin. You headbutt the hobgoblin.
You kill the hobgoblin!
The black bear growls angrily.
You hear a shout!
Okay, then.
As you read the scroll labelled XUMOURHU IDDYDGH, it crumbles to dust.
The creatures around you are filled with an inner flame!
It was a scroll of immolation. "See what I see, my child!"
You feel aware of your surroundings.
You are now Xom's teddy bear.
You barely miss the black bear.
The black bear bites you but does no damage.
The black bear closely misses you.
The black bear claws you but does no damage.
You barely miss the black bear. The black bear bites you.
The black bear claws you but does no damage.
The black bear misses you.
You completely miss the black bear.
Flame seeps out of the black bear.
You headbutt the black bear!
The black bear is moderately wounded.
The black bear is engulfed in blazing flames.
Flame seeps out of the black bear.
The black bear bites you.
The black bear claws you but does no damage.
The black bear closely misses you.
You sock the black bear!
The black bear explodes!
The fiery explosion engulfs you!!
You are engulfed in blazing flames.
Ouch! That really hurt!
You die...

* * ****##......####
#..## , *
##........####..## ,
,, #.###............
, ,,,
#.#......<)...... ,,
,, *
###..#.......)......
, ,,,,
##...##..............
,*, ,**
#...#*#..............
,, ,
#...#####......######
,, , #...@°§...######
,,,, ,,* #...#######
* ,,** #...# **, *
#...# **** #...#
#...# #...# #####


There were no monsters in sight!

Vanquished Creatures
  A black bear (D:2)
  An orc priest (D:2)
  An adder (D:2)
  A worm (D:2)
  An orc (D:2)
  4 ball pythons (D:1)
  4 bats
  5 endoplasms (D:1)
  3 goblins
  4 hobgoblins
  4 jackals (D:1)
  A quokka (D:2)
  3 kobolds (D:2)
  2 rats
35 creatures vanquished.

Vanquished Creatures (collateral kills)
  3 orcs (D:2)
  A quokka (D:2)
4 creatures vanquished.

Grand Total: 39 creatures vanquished

Notes
Turn   | Place    | Note
-------+----------+-------------------------------------------
     0 | D:1      | silky the Minotaur Chaos Knight began the quest for the
                  | Orb.
     0 | D:1      | Reached XP level 1. HP: 19/19 MP: 0/0
   112 | D:1      | Reached skill level 4 in Maces & Flails
   114 | D:1      | Reached XP level 2. HP: 24/27 MP: 1/1
   430 | D:1      | XOM: 3-stop teleportation journey
   613 | D:1      | Found a faded altar of an unknown god.
   901 | D:2      | XOM: cast spell 'Summon Ice Beast'
   905 | D:2      | Reached XP level 3. HP: 30/33 MP: 2/2
   919 | D:2      | Reached XP level 4. HP: 9/41 MP: 3/3
  1259 | D:2      | Reached skill level 5 in Maces & Flails
  1357 | D:2      | Noticed a black bear
  1427 | D:2      | XOM: divination: magic mapping
  1432 | D:2      | Killed a black bear
  1432 | D:2      | Engulfed by a cloud of flame

Illustrated notes

Levels and vault maps discovered:
D:1:      minmay_arrival_jagged, layout_loops_cross,
          ebering_ecumenical_altar_rust
D:2:      layout_rooms, uniq_jessica

Skill      XL: |  1  2  3  4 |
---------------+-------------+-----
Maces & Flails | 4 5 |  5.0
Fighting       | 4 |  4.3
Armour         | 3 |  3.2
Dodging        | |  1.7
Stealth        | |  0.1

Action                   |  1- 3 |  4- 6 || total
-------------------------+-------+-------++-------
Melee: Mace              |    61 |    31 ||    92
       Headbutt          |     6 |     6 ||    12
       Punch             |       |     2 ||     2
  Use: Scroll            |       |     3 ||     3
Armor: Leather armour    |    29 |    15 ||    44
Dodge: Dodged            |    66 |    18 ||    84
